 Dungeon Crawl Stone Soup version 0.22.1-1-ga44c0e56f4 (webtiles) character file.

2977 Morbidden the Magician (level 9, -1/71 HPs)
             Began as a Gnoll Skald on Oct 29, 2018.
             Was a Believer of Okawaru.
             Slain by a flying skull (9 damage)
             ... on level 1 of the Abyss.
             The game lasted 00:17:46 (5822 turns).

Morbidden the Magician (Gnoll Skald)                Turns: 5822, Time: 00:17:47

Health: -1/71      AC: 13    Str: 14    XL:     9   Next: 82%
Magic:  19/19      EV:  7    Int: 18    God:    Okawaru [**....]
Gold:   490        SH: 10    Dex: 15    Spells: 18/21 levels left

rFire    . . .     SeeInvis .   q - +5 dagger (elec)
rCold    . . .     Gourm    .   v - +1 shield of the Final Demons {rElec}
rNeg     . . .     Faith    .   t - +0 chain mail
rPois    .         Spirit   .   (no helmet)
rElec    +         Reflect  .   p - +2 cloak
rCorr    .         Harm     .   (no gloves)
MR       .....                  (no boots)
Stlth    ..........             (no amulet)
HPRegen  0.21/turn              b - ring of wizardry
MPRegen  0.16/turn              (no ring)

@: no status effects
A: distributed training, fangs 1, strong nose
a: Heroism, Renounce Religion


You were on level 1 of the Abyss.
You worshipped Okawaru.
Okawaru was pleased with you.
You were hungry.

You visited 2 branches of the dungeon, and saw 8 of its levels.
You visited the Abyss 1 time.
You also visited: Ossuary.

You collected 490 gold pieces.

Inventory:

Hand Weapons
 a - a +0 hand axe
 q - a +5 dagger of electrocution (weapon)
Missiles
 D - 2 javelins of penetration (quivered)
Armour
 p - a +2 cloak (worn)
 t - a +0 chain mail (worn)
 v - the +1 shield of the Final Demons (worn) {rElec}
   (You found it on level 4 of the Dungeon)

   It insulates you from electricity.
Jewellery
 b - a ring of wizardry (left hand)
Wands
 x - a wand of enslavement (17)
 z - a wand of scattershot (6)
 A - a wand of acid (5)
 E - a wand of flame (13)
Scrolls
 h - 2 scrolls of fear
 i - 2 scrolls of identify
 k - 3 scrolls of immolation {unknown}
 l - 2 scrolls of noise {unknown}
 m - a scroll of blinking {unknown}
 n - 2 scrolls of remove curse {unknown}
 o - 2 scrolls of enchant armour {unknown}
 s - 3 scrolls of teleportation {unknown}
 u - 7 scrolls of amnesia {unknown}
 C - 2 scrolls of fog {unknown}
Potions
 r - 2 potions of flight
Comestibles
 d - 14 rations


   Skills:
 + Level 6.5 Fighting
 + Level 4.5 Short Blades
 + Level 4.5 Long Blades
 + Level 6.5 Axes
 + Level 4.5 Maces & Flails
 + Level 4.5 Polearms
 + Level 4.5 Staves
 + Level 4.5 Slings
 + Level 4.5 Bows
 + Level 4.5 Crossbows
 + Level 4.5 Throwing
 + Level 5.3 Armour
 + Level 6.5 Dodging
 + Level 4.5 Stealth
 + Level 4.5 Shields
 + Level 4.5 Unarmed Combat
 + Level 6.8 Spellcasting
 + Level 3.7 Conjurations
 + Level 3.7 Hexes
 + Level 6.7 Charms
 + Level 3.7 Summonings
 + Level 3.7 Necromancy
 + Level 3.7 Translocations
 + Level 3.7 Transmutations
 + Level 3.7 Fire Magic
 + Level 3.7 Ice Magic
 + Level 3.7 Air Magic
 + Level 3.7 Earth Magic
 + Level 3.7 Poison Magic
 + Level 5.0 Invocations
 + Level 4.5 Evocations


You had 18 spell levels left.
You knew the following spells:

 Your Spells              Type           Power        Failure   Level  Hunger
a - Infusion              Chrm           ####         22%         1    None
z - Song of Slaying       Chrm           ####....     32%         2    None

Your spell library contained the following spells:

 Spells                   Type           Power        Failure   Level  Hunger
 Shroud of Golubria       Chrm/Tloc      ####......   50%         2    None
 Regeneration             Chrm/Necr      ####......   73%         3    ##.....
 Spectral Weapon          Hex/Chrm       ####....     73%         3    ##.....


Dungeon Overview and Level Annotations

Branches:
Dungeon (7/15)             Temple (1/1) D:6

Altars:
Dithmenos
Gozag
Hepliaklqana
Makhleb
Okawaru
Qazlal
Xom
Yredelemnul
Zin
The Shining One

Shops:
D:7 =


Innate Abilities, Weirdness & Mutations

Your experience applies equally to all skills.
You have very sharp teeth.
Your uncanny sense of smell can sniff out nearby items.


Message History

You hit the flying skull but do no damage.
The flying skull is severely damaged.
You block the flying skull's attack.
You are feeling hungry.
You hit the flying skull but do no damage.
The flying skull is severely damaged.
The flying skull hits you.
* * * LOW HITPOINT WARNING * * *
You hit the flying skull but do no damage.
The flying skull is heavily damaged.
The flying skull closely misses you.
The flying skull hits you but does no damage.
You closely miss the flying skull. Your bite misses the flying skull.
The flying skull is heavily damaged.
The flying skull hits you.
* * * LOW HITPOINT WARNING * * *
You hit the flying skull.
The flying skull is almost destroyed.
The flying skull hits you!
You die...

# #
# .
. #
##.
∆
#..
.
..#
# .
#z##
# .
#@#
. .
#
#.##
∆ .
## #
# .
# #
# #
. .
∆..
# #
###
. #
# #


You could see a flying skull.

Vanquished Creatures
  3 flying skulls (Abyss:1)
  Eustachio (D:4)
  Menkaure (D:6)
  A sky beast (D:4)
  2 ogres
  A phantom (D:6)
  3 centaurs
  2 elf zombies (Ossuary)
  2 bullfrogs (D:6)
  2 gnoll sergeants
  5 wights (D:6)
  A howler monkey (D:6)
  2 crimson imps
  A human zombie (Ossuary)
  A jelly (D:7)
  3 orc priests
  A bullfrog skeleton (D:6)
  2 centaur skeletons (D:5)
  3 hounds
  4 orc wizards
  4 worker ants
  3 big kobold zombies (Ossuary)
  A hound skeleton (D:6)
  Robin (D:3)
  12 gnolls
  7 adders
  2 shadow imps
  An ooze (D:6)
  2 adder zombies
  2 adder skeletons
  2 worms (D:3)
  2 dart slugs (D:3)
  7 leopard geckos
  10 orcs
  5 ball pythons
  8 bats
  4 giant cockroaches
  20 goblins
  10 hobgoblins
  13 jackals
  3 quokkas
  3 frilled lizards
  2 gnoll zombies (Ossuary)
  3 goblin zombies
  2 jackal zombies
  11 kobolds
  6 rats
  A rat zombie (Ossuary)
188 creatures vanquished.

Notes
Turn   | Place    | Note
-------+----------+-------------------------------------------
     0 | D:1      | Morbidden the Gnoll Skald began the quest for the Orb.
     0 | D:1      | Reached XP level 1. HP: 20/20 MP: 6/6
   205 | D:1      | Reached XP level 2. HP: 17/26 MP: 7/7
   211 | D:1      | Learned a level 2 spell: Song of Slaying
   531 | D:2      | Reached XP level 3. HP: 27/31 MP: 3/9
   571 | D:2      | Reached skill level 5 in Spellcasting
   743 | D:2      | Reached skill level 1 in Invocations
   828 | D:2      | Found a burning altar of Makhleb.
  1022 | D:2      | Reached skill level 1 in Short Blades
  1022 | D:2      | Reached skill level 1 in Long Blades
  1022 | D:2      | Reached skill level 1 in Maces & Flails
  1022 | D:2      | Reached skill level 1 in Polearms
  1022 | D:2      | Reached skill level 1 in Staves
  1022 | D:2      | Reached skill level 1 in Slings
  1022 | D:2      | Reached skill level 1 in Bows
  1022 | D:2      | Reached skill level 1 in Crossbows
  1022 | D:2      | Reached skill level 1 in Throwing
  1022 | D:2      | Reached skill level 1 in Stealth
  1022 | D:2      | Reached skill level 1 in Shields
  1022 | D:2      | Reached skill level 1 in Unarmed Combat
  1022 | D:2      | Reached skill level 1 in Evocations
  1132 | D:2      | Reached XP level 4. HP: 23/38 MP: 7/11
  1492 | D:3      | Reached skill level 1 in Conjurations
  1492 | D:3      | Reached skill level 1 in Hexes
  1492 | D:3      | Reached skill level 1 in Summonings
  1492 | D:3      | Reached skill level 1 in Necromancy
  1492 | D:3      | Reached skill level 1 in Translocations
  1492 | D:3      | Reached skill level 1 in Transmutations
  1492 | D:3      | Reached skill level 1 in Fire Magic
  1492 | D:3      | Reached skill level 1 in Ice Magic
  1492 | D:3      | Reached skill level 1 in Air Magic
  1492 | D:3      | Reached skill level 1 in Earth Magic
  1492 | D:3      | Reached skill level 1 in Poison Magic
  1829 | D:3      | Reached XP level 5. HP: 39/43 MP: 7/12
  1884 | D:3      | Found a glowing golden altar of the Shining One.
  2198 | D:3      | Noticed Robin
  2209 | D:3      | Killed Robin
  2333 | D:4      | Got an ancient shield
  2344 | D:4      | Identified the +1 shield of the Final Demons {rElec} (You
                  | found it on level 4 of the Dungeon)
  2407 | D:4      | Reached XP level 6. HP: 35/50 MP: 7/13
  2586 | D:4      | Noticed Eustachio
  2619 | D:4      | Killed Eustachio
  2619 | D:4      | Reached skill level 5 in Fighting
  2619 | D:4      | Reached skill level 5 in Axes
  2619 | D:4      | Reached skill level 5 in Dodging
  2699 | D:4      | Reached XP level 7. HP: 56/56 MP: 15/15
  2732 | D:4      | Found an opulent altar of Gozag.
  2942 | D:5      | Entered Level 5 of the Dungeon
  3306 | D:5      | Found a glowing silver altar of Zin.
  3464 | D:5      | Found a stormy altar of Qazlal.
  3632 | D:5      | Found a burning altar of Makhleb.
  3876 | D:6      | Noticed Menkaure
  3882 | D:6      | Reached XP level 8. HP: 56/63 MP: 16/16
  3894 | D:6      | Killed Menkaure
  3921 | D:6      | Found a staircase to the Ecumenical Temple.
  3932 | Temple   | Entered the Ecumenical Temple
  3974 | Temple   | Became a worshipper of Warmaster Okawaru
  4483 | D:6      | Reached * piety under Okawaru
  4633 | D:6      | Found a shadowy altar of Dithmenos.
  4682 | D:6      | Reached XP level 9. HP: 60/69 MP: 10/18
  4883 | D:7      | Found Archirch's Jewellery Shop.
  4889 | D:7      | Found a sand-covered staircase.
  4935 | Ossuary  | Entered an ossuary
  5354 | D:7      | Reached ** piety under Okawaru
  5469 | D:7      | Found a basalt altar of Yredelemnul.
  5593 | D:7      | Reached skill level 5 in Armour
  5649 | D:7      | Cast into level 1 of the Abyss (gnoll sergeant)
  5760 | Abyss:1  | Reached skill level 5 in Invocations
  5822 | Abyss:1  | Slain by a flying skull

Skill      XL: |  1  2  3  4  5  6  7  8  9 |
---------------+----------------------------+-----
Spellcasting   | 5 6 |  6.8
Invocations    | 1 2 3 4 5 |  5.0
Short Blades   | 1 2 3 4 |  4.5
Long Blades    | 1 2 3 4 |  4.5
Maces & Flails | 1 2 3 4 |  4.5
Polearms       | 1 2 3 4 |  4.5
Staves         | 1 2 3 4 |  4.5
Slings         | 1 2 3 4 |  4.5
Bows           | 1 2 3 4 |  4.5
Crossbows      | 1 2 3 4 |  4.5
Throwing       | 1 2 3 4 |  4.5
Stealth        | 1 2 3 4 |  4.5
Shields        | 1 2 3 4 |  4.5
Unarmed Combat | 1 2 3 4 |  4.5
Evocations     | 1 2 3 4 |  4.5
Conjurations   | 1 2 3 |  3.7
Hexes          | 1 2 3 |  3.7
Summonings     | 1 2 3 |  3.7
Necromancy     | 1 2 3 |  3.7
Translocations | 1 2 3 |  3.7
Transmutations | 1 2 3 |  3.7
Fire Magic     | 1 2 3 |  3.7
Ice Magic      | 1 2 3 |  3.7
Air Magic      | 1 2 3 |  3.7
Earth Magic    | 1 2 3 |  3.7
Poison Magic   | 1 2 3 |  3.7
Armour         | 3 4 5 |  5.3
Fighting       | 5 6 |  6.5
Axes           | 5 6 |  6.5
Dodging        | 5 6 |  6.5
Charms         | 6 |  6.7

Action                   |  1- 3 |  4- 6 |  7- 9 || total
-------------------------+-------+-------+-------++-------
Melee: Hand axe          |   110 |    37 |    46 ||   193
       Bite              |     7 |    10 |    54 ||    71
       Dagger            |       |   119 |   473 ||   592
 Cast: Infusion          |    10 |    11 |     3 ||    24
       Song of Slaying   |     3 |     3 |       ||     6
Invok: Heroism           |       |       |     3 ||     3
  Use: Scroll            |       |     4 |     2 ||     6
       Potion            |       |       |    11 ||    11
 Stab: Sleeping          |     2 |     1 |       ||     3
  Eat: Chunk             |       |     6 |     7 ||    13
       Ration            |       |       |     1 ||     1
Armor: Leather armour    |    28 |    20 |       ||    48
       Chain mail        |       |    39 |   290 ||   329
Dodge: Dodged            |    83 |   101 |   138 ||   322
Block: Shield            |       |    14 |   263 ||   277
